 Dungeon Crawl Stone Soup version 0.31-a0-971-g75a2e9a4b4 (webtiles) character file.

Game seed: 5319643200564808045

66 horus123 the Magician (level 3, -2/19 HPs)
             Began as a Deep Elf Earth Elementalist on Oct 29, 2023.
             Slain by a cerulean imp
             ... wielding a +2 spear
             ... summoned by Natasha
              (4 damage)
             ... on level 2 of the Dungeon.
             The game lasted 00:01:27 (1110 turns).

horus123 the Magician (Deep Elf Earth Elementalist) Turns: 1110, Time: 00:01:28

Health: -2/19      AC:  5    Str:  5    XL:     3   Next: 96%
Magic:  2/12       EV: 12    Int: 21    God:
Gold:   28         SH:  0    Dex: 15    Spells: 12/13 levels left

rFire   . . .        (no weapon)
rCold   . . .        (no shield)
rNeg    . . .        a - +0 robe
rPois   .            (no helmet)
rElec   .            (no cloak)
rCorr   .            (no gloves)
SInv    .            f - +2 pair of boots
Will    .....        (no amulet)
Stlth   ++           (no ring)
HPRegen 0.23/turn    (no ring)
MPRegen 0.13/turn

%: no passive effects
@: very slightly contaminated
A: no striking features
a: no special abilities


You were on level 2 of the Dungeon.
You visited 1 branch of the dungeon, and saw 2 of its levels.

You collected 28 gold pieces.

Inventory:

Armour
 a - a +0 robe (worn)
 f - a +2 pair of boots (worn)
Scrolls
 c - a scroll of vulnerability {unknown}
 d - a scroll of identify {unknown}
Potions
 b - a potion of magic
 e - a potion of brilliance {unknown}


   Skills:
 - Level 2.4 Dodging
 - Level 2.4 Stealth
 + Level 5.9 Spellcasting
 - Level 1.1 Transmutations
 - Level 3.2 Earth Magic


You had 12 spell levels left.
You knew the following spells:

 Your Spells              Type           Power      Damage    Failure   Level
a - Sandblast             Erth           40%        2d10      2%          1

Your spell library contained the following spells:

 Spells                   Type           Power      Damage    Failure   Level
 Passwall                 Tmut/Erth      12%        N/A       6%          2
 Sublimation of Blood     Necr           6%         N/A       16%         2
 Stone Arrow              Conj/Erth      26%        3d8       16%         3
 Petrify                  Tmut/Erth      15%        N/A       36%         4
 Brom's Barrelling Bould  Conj/Erth      13%        2d4       45%         4
 Irradiate                Conj/Tmut      4%         3d13      91%         5


Dungeon Overview and Level Annotations

Branches:
Dungeon (2/15)

Altars:

Annotations:
D:2 Natasha


Message History

Natasha screams in pain as she dies!
Natasha, Servant of Life and Death comes into view.
Natasha mumbles some strange words.
The blast of sand hits the cerulean imp.
The cerulean imp is moderately wounded.
Natasha casts a spell.
You miscast Sandblast.
You are very lightly contaminated with residual magic.
Nothing appears to happen.
The cerulean imp hits you from afar with a +2 spear.
Aiming: Sandblast (safe; 2% risk of failure)
Press: ? - help, Q - select action Shift-Dir - straight line, f - Natasha, p - cerulean imp
Aim: Natasha (79% to hit)
The blast of sand hits Natasha!
Natasha is heavily wounded.
The cerulean imp closely misses you.
Natasha casts a spell.
The cerulean imp hits you from afar with a +2 spear.
Aiming: Sandblast (safe; 2% risk of failure)
Press: ? - help, Q - select action Shift-Dir - straight line, f/p - Natasha
Aim: Natasha (heavily wounded, 79% to hit)
The blast of sand hits Natasha but does no damage.
Natasha is heavily wounded.
The cerulean imp misses you. Natasha closely misses you.
The cerulean imp misses you.
The cerulean imp hits you from afar with a +2 spear.
Aiming: Sandblast (safe; 2% risk of failure)
Press: ? - help, Q - select action Shift-Dir - straight line, f/p - Natasha
Aim: Natasha (heavily wounded, 79% to hit)
The blast of sand hits Natasha.
Natasha is severely wounded.
The cerulean imp closely misses you.
Natasha stares at you and mumbles some strange words.
The magic dart hits you.
The cerulean imp hits you with a +1 spear.
* * * LOW HITPOINT WARNING * * *
The cerulean imp hits you from afar with a +2 spear.
* * * LOW HITPOINT WARNING * * *
The cerulean imp hits you from afar with a +2 spear.
You die...

..### #.... # ...
#### ... ##...
##.# # #..## ##.†#
.# #.## #...###.#
####.#
#(8...[.#####.>..#
#(5@.#####....####
##.h.# ##..####
.#####55###..##
........#...##
.......#..###
#.##.....##
#........#
####.....# #######


You could see Natasha and 3 cerulean imps.

Vanquished Creatures
  Natasha (D:2)
  An adder (D:2)
  2 dart slugs (D:1)
  4 bats
  4 endoplasms (D:1)
  2 goblins (D:1)
  2 hobgoblins (D:1)
  3 kobolds (D:1)
  A quokka (D:1)
  8 rats
28 creatures vanquished.

Notes
Turn   | Place    | Note
-------+----------+-------------------------------------------
     0 | D:1      | horus123 the Deep Elf Earth Elementalist began the quest
                  | for the Orb.
     0 | D:1      | Reached XP level 1. HP: 10/10 MP: 6/6
   175 | D:1      | Reached skill level 4 in Spellcasting
   175 | D:1      | Reached XP level 2. HP: 15/15 MP: 7/9
   658 | D:1      | Found a faded altar of an unknown god.
   664 | D:1      | Reached XP level 3. HP: 19/19 MP: 9/11
  1033 | D:2      | Reached skill level 5 in Spellcasting
  1092 | D:2      | Noticed Natasha
  1101 | D:2      | Killed Natasha
  1103 | D:2      | Noticed Natasha
  1110 | D:2      | Slain by a cerulean imp

Illustrated notes

Levels and vault maps discovered:
D:1:      sevenhm_arrival_forest_fort_large_2, layout_loops_ring,
          chequers_ecumenical_altar_twisty
D:2:      layout_rooms, grunt_ministairs_3, mrwooster_statue_mirror,
          uniq_natasha, uniq_robin

Skill      XL: |  1  2  3 |
---------------+----------+-----
Spellcasting   | 4 5 |  5.9
Dodging        | |  2.4
Stealth        | |  2.4
Transmutations | |  1.1
Earth Magic    | |  3.2

Action                     || total
---------------------------++-------
  Melee: Unarmed           ||     1
   Cast: Sandblast         ||    41
 Armour: Robe              ||    12
  Dodge: Dodged            ||    10

Table legend: (Time is in decaauts)
 A = Elapsed time spent in this place.
 B = Non-inter-level travel time spent in this place.
 C = Inter-level travel time spent in this place.
 D = Time resting spent in this place.
 E = Time spent auto-exploring this place.
 F = Levels seen in this place.
 G = Mean time per level.
                   A        B        C        D        E       F      G
               +--------+--------+--------+--------+--------+-----+--------+
         Total |   1129 |   1118 |     11 |      0 |    984 |   2 |  564.5 |
       Dungeon |   1129 |   1118 |     11 |      0 |    984 |   2 |  564.5 |
               +--------+--------+--------+--------+--------+-----+--------+

Top non-repeatable levels by time:
     D:1: 1007 daAuts
     D:2: 122 daAuts
